AoeStats
← BichoPalo7978

Enclosed

505680360Analyzed
1v1 RM · 20d ago on Sep 10, 2026· 28m 44s· 2 players
Game mode
Random Map
Map size
Tiny (2 player)
Population
200
Speed
Normal
Resources
Standard
Victory
Conquest
Starting age
Dark Age
Ending age
Imperial Age
RankedLock teamsTeams togetherTeam positionsShared explorationLock speedFull tech treeHidden civsTurbo modeCheats
Victory
Defeat
🇪🇸 Portuguese · Spain
185
+12
🇪🇸 Muisca · Spain
90
-12
VicenteGal7011
14:12 Feudal Age
14:36 Horse Collar
17:06 Loom
20:23 Double-Bit Axe
26:32 Castle Age
24:48 Gold Mining
24:52 Stone Mining
25:07 Fletching
26:01 Padded Archer Armor
26:57 Stone Mining
26:43 Crossbowman
BichoPalo7978
0:35 Loom
11:24 Feudal Age
12:16 Horse Collar
12:22 Double-Bit Axe
12:28 Gold Mining
16:40 Town Watch
18:50 Stone Mining
22:02 Wheelbarrow
25:04 Castle Age
26:04 Fletching
26:15 Padded Archer Armor
26:17 Scale Mail Armor
26:27 Forging
27:02 Hand Cart
26:48 Town Patrol
27:36 Bow Saw
27:27 Heavy Plow
Connection lost

Rejoining the realm…

Still unreachable

The connection could not be restored.

Session expired

The server has moved on; the page needs a fresh start.